 Dungeon Crawl Stone Soup version 0.20.0-4-g10b340a (webtiles) character file.

152 hittemv20vhard the Skirmisher (level 5, -2/42 HPs)
             Began as a Barachi Enchanter on May 27, 2017.
             Was an Initiate of Dithmenos.
             Slain by Feta's ghost (12 damage)
             ... on level 4 of the Dungeon.
             The game lasted 00:09:09 (3567 turns).

hittemv20vhard the Skirmisher (Barachi Enchanter)   Turns: 3567, Time: 00:09:10

Health: -2/42      AC: 11    Str: 10    XL:     5   Next: 34%
Magic:  8/8        EV:  1    Int: 15    God:    Dithmenos [......]
Gold:   132        SH:  0    Dex: 13    Spells: 7/8 levels left

rFire    . . .     SeeInvis .   a - +0 whip (elec)
rCold    . . .     Gourm    .   (no shield)
rNeg     . . .     Faith    .   o - +0 plate armour
rPois    .         Spirit   .   h - +0 helmet
rElec    .         Reflect  .   q - scarf {repulsion}
rCorr    .         Harm     .   (no gloves)
MR       .....                  (no boots)
Stlth    ..........             (no amulet)
Regen    0.2/turn               (no ring)
MPRegen  0.2/turn               (no ring)

@: hasted, repel missiles, quick
A: +LOS, swims, slowness 1, strong legs 1
a: Hop, Renounce Religion


You were on level 4 of the Dungeon.
You worshipped Dithmenos.
Dithmenos was noncommittal.
You were hungry.

You visited 1 branch of the dungeon, and saw 4 of its levels.

You collected 132 gold pieces.

Inventory:

Hand Weapons
 a - a +0 whip of electrocution (weapon)
Missiles
 j - 4 tomahawks
 n - 6 curare-tipped needles
 Q - 46 stones (quivered)
Armour
 h - a +0 helmet (worn)
 o - a +0 plate armour (worn)
 q - a scarf of repulsion (worn)
Scrolls
 e - 3 scrolls of noise {!r}
Potions
 i - a potion of curing {unknown}
 l - a potion of degeneration {unknown}
 m - a potion of lignification {unknown}
 r - a potion of might {unknown}
Books
 c - a book of Maledictions
Comestibles
 b - 2 royal jellies
 d - 3 bread rations
 k - a meat ration
 t - 4 fruits


   Skills:
 - Level 4.1 Fighting
   Level 1.1 Short Blades
 + Level 3.5 Maces & Flails
 - Level 2.1 Dodging
 - Level 2.6 Stealth
 - Level 2.1 Spellcasting
 - Level 3.2 Hexes


You had 7 spell levels left.
You knew the following spells:

 Your Spells              Type           Power        Failure   Level  Hunger
v - Corona                Hex            ##.....      100%        1    #......


Dungeon Overview and Level Annotations

Branches:
Dungeon (4/15)
 Temple: D:4-7

Altars:
Dithmenos
Qazlal

Annotations:
D:3 Sigmund
D:4 exclusion: upstairs, Feta's ghost, amateur FoFi


Innate Abilities, Weirdness & Mutations

Shadows flee at your approach. (+LOS)
You can swim through water.
You cover ground slowly.
You can hop short distances.


Message History

The leopard gecko bites you but does no damage.
You take 8 damage, and have 18/42 hp.
You hit the leopard gecko but do no damage.
The gnoll hits you from afar with a spear.
* * * LOW HITPOINT WARNING * * *
The leopard gecko bites you.
* * * LOW HITPOINT WARNING * * *
You take 8 damage, and have 10/42 hp.
It was a potion of haste.
You feel yourself speed up.
The leopard gecko bites you but does no damage.
The gnoll hits you but does no damage.
You hit the leopard gecko.
Lightning courses through the leopard gecko!
You kill the leopard gecko!
The gnoll hits you but does no damage.
That item cannot be evoked!
Okay, then.
Okay, then.
Feta's ghost hits you!
You die...

#.#.#######
#!.....W@.#
#..[...g###
#...>...
#.......
?.......
#.#.##.$ #
#. ... .
#.# . #.


You could see Feta's ghost and a gnoll.

Vault maps used:
D:1:      minmay_arrival_checkered_box
D:2:      lemuel_coloured_pillars_altar, nicolae_dithmenos_shadow_blocks,
          first_bread, minmay_pentomino_t2
D:3:      nemelex_xobeh_ov_fountains_minmay, okawaru_trees_2, uniq_sigmund,
          uniq_grinder
D:4:      kiku_gazebo_garden_becter, lemuel_temple_firewalk_b,
          due_unseen_surprise

Notes
Turn   | Place    | Note
-------+----------+-------------------------------------------
     0 | D:1      | hittemv20vhard the Barachi Enchanter began the quest for the Orb.
     0 | D:1      | Reached XP level 1. HP: 13/13 MP: 3/3
    21 | D:1      | Reached skill level 1 in Fighting
   109 | D:1      | Reached XP level 2. HP: 22/22 MP: 5/5
   115 | D:1      | Reached skill level 2 in Fighting
   130 | D:1      | Identified a +0 leather armour (You found it on level 1 of the Dungeon)
   364 | D:1      | HP: 4/22 [adder (5)]
   366 | D:1      | Identified a potion of heal wounds
   486 | D:1      | Reached skill level 3 in Fighting
   486 | D:1      | Reached XP level 3. HP: 15/29 MP: 6/6
  1111 | D:2      | Identified a +0 plate armour (You found it on level 2 of the Dungeon)
  1375 | D:1      | Identified a +0 helmet (You found it on level 1 of the Dungeon)
  2000 | D:2      | Reached skill level 4 in Fighting
  2007 | D:2      | Identified 2 scrolls of identify
  2007 | D:2      | Identified a +0 whip of electrocution (You found it on level 1 of the Dungeon)
  2207 | D:2      | Reached XP level 4. HP: 37/37 MP: 7/7
  2332 | D:2      | Found a shadowy altar of Dithmenos.
  2333 | D:2      | Identified 3 scrolls of noise
  2413 | D:2      | Identified a scarf of repulsion (You found it on level 2 of the Dungeon)
  2429 | D:2      | Reached skill level 1 in Maces & Flails
  2681 | D:2      | Found a stormy altar of Qazlal.
  3070 | D:2      | Became a worshipper of Dithmenos the Shadowed
  3130 | D:3      | Reached skill level 2 in Maces & Flails
  3150 | D:2      | Reached XP level 5. HP: 23/42 MP: 8/8
  3378 | D:3      | Reached skill level 3 in Maces & Flails
  3514 | D:3      | Noticed Sigmund
  3555 | D:4      | Noticed Feta's ghost (amateur FoFi)
  3557 | D:4      | Identified a scroll of recharging
  3564 | D:4      | HP: 10/42 [leopard gecko (4)]
  3565 | D:4      | Identified a potion of haste
  3567 | D:4      | Slain by Feta's ghost

Table legend:
 A = Turns spent in this place as a percentage of turns spent in the entire game.
 B = Non-inter-level travel turns spent in this place as a percentage of non-inter-level travel turns spent in the entire game.
 C = Inter-level travel turns spent in this place as a percentage of turns spent in this place.
 D = Turns resting spent in this place as a percentage of non-inter-level travel turns spent in this place.
 E = Turns spent auto-exploring this place as a percentage of non-inter-level travel turns spent in this place.
 F = Non-inter-level travel turns spent in this place divided by the number of levels of this place that you've seen.
                   A       B       C       D       E      F
               +-------+-------+-------+-------+-------+----------------------
         Total | 100.0 | 100.0 |   1.1 |   0.2 |   7.1 | 241.8
       Dungeon | 100.0 | 100.0 |   1.1 |   0.2 |   7.1 | 241.8
               +-------+-------+-------+-------+-------+----------------------

Table legend:
 A = Kills in this place as a percentage of kills in entire the game.
 B = Kills by you in this place as a percentage of kills by you in the entire game.
 C = Kills by friends in this place as a percentage of kills by friends in the entire game.
 D = Other kills in this place as a percentage of other kills in the entire game.
 E = Experience gained in this place as a percentage of experience gained in the entire game.
 F = Experience gained in this place divided by the number of levels of this place that you have seen.
                   A       B       C       D       E      F
               +-------+-------+-------+-------+-------+----------------------
         Total | 100.0 | 100.0 |  -nan |  -nan | 100.0 |  54.5
       Dungeon | 100.0 | 100.0 |  -nan |  -nan | 100.0 |  54.5
               +-------+-------+-------+-------+-------+----------------------

Skill      XL: |  1  2  3  4  5 |
---------------+----------------+-----
Fighting       | 1 3 4 |  4.1
Maces & Flails | 2 3 |  3.5
Short Blades   | |  1.1
Dodging        | |  2.1
Stealth        | |  2.6
Spellcasting   | |  2.1
Hexes          | |  3.2

Action                   |  1- 3 |  4- 6 || total
-------------------------+-------+-------++-------
Melee: Dagger            |   163 |       ||   163
       Whip              |    21 |   102 ||   123
Throw: Stone             |    43 |    20 ||    63
 Cast: Corona            |     1 |       ||     1
 Abil: Hop               |     1 |       ||     1
  Use: Potion            |     1 |     2 ||     3
       Scroll            |     1 |     2 ||     3
 Stab: Sleeping          |     1 |       ||     1
  Eat: Chunk             |     5 |     4 ||     9
Armor: Robe              |     4 |       ||     4
       Leather armour    |    17 |       ||    17
       Plate armour      |    83 |   110 ||   193
Dodge: Dodged            |    58 |     9 ||    67

Vanquished Creatures
  An orc priest (D:3)
  2 gnolls (D:4)
  4 adders
  An ooze (D:1)
  2 worms (D:2)
  4 leopard geckos
  An orc (D:4)
  A ball python (D:1)
  2 giant cockroaches (D:2)
  7 goblins
  6 hobgoblins
  3 jackals
  7 kobolds
  2 quokkas (D:2)
  5 bats
  4 frilled lizards
  7 rats
59 creatures vanquished.
